 Dungeon Crawl Stone Soup version 0.30.1-3-gfc49f6343a (webtiles) character file.

Game seed: 10219803453223193459

8949 TheDoctor the Zephyrmancer (level 11, -2/58 HPs)
             Began as a Spriggan Air Elementalist on July 20, 2023.
             Was a Believer of Vehumet.
             Shot with an arrow by a centaur warrior (27 damage)
             ... on level 11 of the Dungeon.
             The game lasted 00:41:44 (17028 turns).

TheDoctor the Zephyrmancer (SpAE)                  Turns: 17028, Time: 00:41:45

Health: -2/58      AC:  7    Str:  4    XL:     11   Next: 16%
Magic:  6/24       EV: 20    Int: 25    God:    Vehumet [**....]
Gold:   624        SH:  0    Dex: 16    Spells: 18/27 levels left

rFire   . . .        n - +4 hand axe "Ogrebane" {holy, +Blink Int+4}
rCold   . . .        (no shield)
rNeg    . . .        D - +0 steam dragon scales
rPois   .            (helmet restricted)
rElec   .            l - +1 cloak {rCorr}
rCorr   +            (gloves unavailable)
SInv    +            (boots unavailable)
Will    +....        (no amulet)
Stlth   ++           (no ring)
HPRegen 0.29/turn    (no ring)
MPRegen 0.19/turn

%: no passive effects
@: very quick
A: very small, no large weapons, unfitting armour, see invisible, speed 3
a: Renounce Religion, Evoke Blink


You were on level 11 of the Dungeon.
You worshipped Vehumet.
Vehumet was pleased with you.
You visited 2 branches of the dungeon, and saw 12 of its levels.

You collected 624 gold pieces.

Inventory:

Hand Weapons
 d - a +0 spear
 f - a +0 short sword
 n - the +4 hand axe "Ogrebane" (weapon) {holy, +Blink Int+4}
   (You found it on level 4 of the Dungeon)

   Int:       It affects your intelligence (+4).
   +Blink:    It lets you blink.
 y - a +4 quarterstaff of chaos
 E - a +3 scimitar of flaming
Armour
 l - a +1 cloak of preservation (worn)
 q - a scarf of repulsion
 D - +0 steam dragon scales (worn)
Jewellery
 e - the amulet of No Interval {Spirit rPois rN++ Dex+4}
   (You acquired it on level 7 of the Dungeon)

   [amulet of guardian spirit]

   It causes incoming damage to be divided between your reserves of health and
   magic.
   Dex:       It affects your dexterity (+4).
   rPois:     It protects you from poison.
   rN:        It greatly protects you from negative energy.
 u - a ring of resist corrosion
 A - a +4 ring of slaying
 H - a ring of protection from cold
Wands
 o - a wand of mindburst (17)
 x - a wand of flame (29)
 B - a wand of paralysis (23)
Scrolls
 i - 6 scrolls of teleportation
 k - 3 scrolls of amnesia {unknown}
 m - 2 scrolls of enchant weapon {unknown}
 p - 2 scrolls of fear {unknown}
 r - 2 scrolls of vulnerability
 t - a scroll of torment {unknown}
 v - a scroll of summoning {unknown}
 w - a scroll of magic mapping {unknown}
 z - 2 scrolls of immolation {unknown}
 C - 2 scrolls of poison {unknown}
 F - a scroll of enchant armour {unknown}
 I - a scroll of acquirement
 J - 2 scrolls of blinking {unknown}
Potions
 b - 4 potions of magic
 c - a potion of might
 g - 3 potions of curing
 h - 4 potions of attraction
 j - a potion of haste
 s - a potion of mutation {unknown}
 G - a potion of berserk rage {unknown}


   Skills:
 - Level 7.6 Fighting
 - Level 6.4 Dodging
 - Level 3.0 Stealth
 + Level 8.9 Spellcasting
 - Level 2.1 Conjurations
 + Level 11.4 Air Magic


You had 18 spell levels left.
You knew the following spells:

 Your Spells              Type           Power      Damage    Failure   Level
a - Shock                 Conj/Air       100%       1d9       1%          1
b - Static Discharge      Conj/Air       90%        2-6/arc   1%          2
c - Blink                 Tloc           22%        N/A       9%          2
d - Airstrike             Air            31%        2d(5-21)  1%          4

Your spell library contained the following spells:

 Spells                   Type           Power      Damage    Failure   Level
 Scorch                   Fire           22%        2d5       9%          2
 Swiftness                Air            62%        N/A       1%          3
 Magic Dart               Conj           84%        1d7       2%          1
 Mephitic Cloud           Conj/Pois/Air  33%        N/A       2%          3
 Momentum Strike          Conj/Tloc      32%        3d8       5%          2
 Call Imp                 Summ           22%        N/A       9%          2
 Lesser Beckoning         Tloc           22%        N/A       9%          2
 Gell's Gravitas          Tloc           11%        N/A       17%         3
 Teleport Other           Tloc           11%        N/A       17%         3
 Dispersal                Tloc           5%         N/A       100%        6


Dungeon Overview and Level Annotations

Branches:
Dungeon (11/15)            Temple (1/1) D:6             Orc (0/2) D:9
   Lair: D:8-11

Altars:
Ashenzari
Cheibriados
Dithmenos
Elyvilon
Fedhas
Gozag
Hepliaklqana
Kikubaaqudgha
Makhleb
Nemelex Xobeh
Okawaru
Qazlal
Ru
Sif Muna
Trog
Uskayaw
Vehumet
Wu Jian
Xom
Yredelemnul
Zin
The Shining One

Shops:
D:6 [

Annotations:
D:4 Natasha
D:6 2 transporters, Grinder


Innate Abilities, Weirdness & Mutations

You are very small and have problems with some larger weapons.
You are too small for most types of armour.
You have supernaturally acute eyesight. (SInv)
You cover ground extremely quickly. (Speed+++)


Message History

Casting: Airstrike (dangerous; 1% risk of failure)
Confirm with . or Enter, or press ? or * to list all spells.
Aiming: Airstrike (dangerous; 1% risk of failure)
Press: ? - help, Dir - move target, f/p - two-headed ogre
Aim: a two-headed ogre, wielding two +0 giant spiked clubs (severely wounded, empty space bonus: 7/8)
The air twists around and strikes the two-headed ogre!!
You kill the two-headed ogre!
Vehumet accepts your kill.
You start resting.
A troll is nearby!
Casting: Airstrike (dangerous; 1% risk of failure)
Confirm with . or Enter, or press ? or * to list all spells.
Aiming: Airstrike (dangerous; 1% risk of failure)
Press: ? - help, Dir - move target, f - troll
Aim: a troll (wandering, hasn't noticed you, empty space bonus: 4/8)
The air twists around and strikes the troll!
The troll shouts!
The troll is heavily wounded.
A centaur warrior comes into view.
Casting: Airstrike (dangerous; 1% risk of failure)
Confirm with . or Enter, or press ? or * to list all spells.
Aiming: Airstrike (dangerous; 1% risk of failure)
Press: ? - help, Dir - move target, f/p - troll
Aim: a troll (moderately wounded, empty space bonus: 8/8)
The air twists around and strikes the troll!
The troll is severely wounded.
Casting: Airstrike (dangerous; 1% risk of failure)
Confirm with . or Enter, or press ? or * to list all spells.
Aiming: Airstrike (dangerous; 1% risk of failure)
Press: ? - help, Dir - move target, f/p - troll
Aim: a troll (severely wounded, empty space bonus: 8/8)
The air twists around and strikes the troll!
You kill the troll!
Vehumet accepts your kill.
You feel your power returning.
The centaur warrior wields a +0 shortbow.
The centaur warrior shoots an arrow.
The arrow hits you!
The centaur warrior shoots an arrow.
The arrow hits you!!
The centaur warrior shoots an arrow.
The arrow hits you!!
You die...

######## #....<.#
######### #....T.#
#.......# ###...B..#
#.......#
......°.Y####...@...#
###..°..............#
.##.K°..............#
..#.......###.......#
...#.#.#### #.......###
...#.#..### #..Hc.....#
..°..#....######..###.#
......................#
#.####.####.####.###..#


You could see a centaur warrior and a manticore.

Vanquished Creatures
  Erica (D:8)
  A two-headed ogre (D:11)
  Psyche (D:8)
  An unseen horror (D:11)
  A troll (D:11)
  Prince Ribbit (D:7)
  A vampire (D:10)
  2 wyverns (D:8)
  8 yaks
  2 steam dragons (D:8)
  Grum (D:8)
  A warg (D:9)
  6 orc warriors
  4 water moccasins
  A sky beast (D:8)
  An ice beast (D:7)
  2 ogres
  A black bear (D:5)
  4 wolves (D:8)
  4 centaurs
  A phantom (D:5)
  A gnoll sergeant (D:9)
  4 bullfrogs
  7 wights
  15 killer bees
  A howler monkey (D:7)
  4 hounds
  2 jellies
  6 orc priests
  Crazy Yiuf (D:7)
  2 sleepcaps
  5 iguanas
  18 orc wizards
  3 gnolls (D:9)
  7 adders
  A shadow imp (D:7)
  4 white imps
  2 ufetubi (D:5)
  2 worms (D:2)
  A dart slug (D:2)
  38 orcs
  6 ball pythons
  10 endoplasms
  5 giant cockroaches
  7 goblins
  9 hobgoblins
  13 jackals
  3 quokkas
  3 bats
  4 frilled lizards
  A kobold (D:1)
  5 rats
235 creatures vanquished.

Notes
Turn   | Place    | Note
-------+----------+-------------------------------------------
     0 | D:1      | TheDoctor the Spriggan Air Elementalist began the quest for
                  | the Orb.
     0 | D:1      | Reached XP level 1. HP: 9/9 MP: 5/5
   172 | D:1      | Reached skill level 1 in Conjurations
   231 | D:1      | Reached XP level 2. HP: 13/13 MP: 1/6
   951 | D:1      | Learned a level 2 spell: Static Discharge
   954 | D:1      | Learned a level 2 spell: Blink
  1112 | D:2      | Reached XP level 3. HP: 10/16 MP: 0/8
  1205 | D:2      | Identified the +3 leather armour of Dithmenos's Whim
                  | {+Blink rElec rCorr}
  2178 | D:2      | Reached XP level 4. HP: 15/21 MP: 1/9
  2412 | D:3      | Found a hazy altar of Hepliaklqana.
  2510 | D:3      | Found a faded altar of an unknown god.
  3011 | D:3      | Found a burning altar of Makhleb.
  3137 | D:3      | Reached skill level 3 in Air Magic
  3456 | D:4      | Reached skill level 5 in Dodging
  3632 | D:4      | Reached XP level 5. HP: 18/24 MP: 7/10
  3737 | D:4      | Identified the +4 hand axe "Ogrebane" {holy, +Blink Int+4}
  4097 | D:4      | Identified the +0 chain mail of Bikiok Wita {rF++ Int+3
                  | Slay+2 Stlth-}
  4536 | D:4      | Noticed Natasha
  4544 | D:4      | Learned a level 4 spell: Airstrike
  4578 | D:5      | Entered Level 5 of the Dungeon
  4653 | D:5      | Noticed a phantom
  4678 | D:5      | Killed a phantom
  4679 | D:5      | Reached skill level 4 in Air Magic
  4679 | D:5      | Reached XP level 6. HP: 17/28 MP: 0/11
  4959 | D:5      | Reached skill level 1 in Fighting
  5131 | D:5      | Reached XP level 7. HP: 32/34 MP: 4/12
  5245 | D:5      | Reached skill level 5 in Air Magic
  5920 | D:6      | Noticed Grinder
  5949 | D:6      | Found a transporter.
  5962 | D:6      | Found a staircase to the Ecumenical Temple.
  6013 | D:6      | Found Yckaleu's Antique Armour Boutique.
  6062 | Temple   | Entered the Ecumenical Temple
  6377 | D:6      | Found a transporter.
  6502 | D:6      | Found a radiant altar of Vehumet.
  6550 | D:6      | You fall into a shaft and drop 1 floor!
  6666 | D:7      | Reached skill level 6 in Air Magic
  6666 | D:7      | Reached XP level 8. HP: 34/42 MP: 3/13
  7125 | D:7      | Noticed Prince Ribbit
  7153 | D:7      | Identified a scroll of acquirement
  7155 | D:7      | Acquired the amulet of No Interval {Spirit rPois rN++
                  | Dex+4}
  7488 | D:7      | Found a runed translucent door.
  7489 | D:7      | Noticed Crazy Yiuf
  7634 | D:7      | Killed Crazy Yiuf
  8072 | D:8      | Reached skill level 7 in Air Magic
  8127 | D:6      | Became a worshipper of Vehumet
  8160 | D:6      | Reached skill level 5 in Fighting
  8959 | D:8      | Reached XP level 9. HP: 38/48 MP: 4/14
  9547 | D:8      | Reached skill level 8 in Air Magic
  9934 | D:7      | Killed Prince Ribbit
 10200 | D:7      | Reached * piety under Vehumet
 10200 | D:7      | Offered knowledge of Freeze by Vehumet.
 10641 | D:8      | Reached skill level 9 in Air Magic
 10704 | D:8      | Noticed Psyche
 11277 | D:8      | Noticed Grum
 11463 | D:8      | Reached XP level 10. HP: 44/55 MP: 0/15
 11967 | D:8      | Noticed Erica
 12355 | D:8      | Killed Grum
 12439 | D:8      | Killed Erica
 12718 | D:8      | Found a shimmering blue altar of Sif Muna.
 12721 | D:8      | Found a basalt altar of Yredelemnul.
 12724 | D:8      | Found a glowing golden altar of the Shining One.
 12773 | D:8      | Killed Psyche
 12774 | D:8      | Reached skill level 5 in Spellcasting
 12774 | D:8      | Reached skill level 10 in Air Magic
 12970 | D:9      | Found a broken altar of Ashenzari.
 13730 | D:9      | Found a staircase to the Orcish Mines.
 13765 | D:9      | Noticed a centaur warrior
 13946 | D:9      | Reached ** piety under Vehumet
 13946 | D:9      | Offered knowledge of Scorch by Vehumet.
 14759 | D:10     | Entered Level 10 of the Dungeon
 15929 | D:10     | Reached skill level 11 in Air Magic
 16095 | D:10     | Found a white marble altar of Elyvilon.
 16578 | D:11     | Noticed a boulder beetle
 16581 | D:11     | Reached XP level 11. HP: 54/58 MP: 13/24
 16994 | D:11     | Noticed a two-headed ogre
 17004 | D:11     | Killed a two-headed ogre
 17025 | D:11     | Noticed a centaur warrior
 17028 | D:11     | Shot with an arrow by a centaur warrior

Illustrated notes

Levels and vault maps discovered:
D:1:      kennysheep_arrival_forest, layout_basic
D:2:      layout_basic, dreamdust_mushroom_princess
D:3:      layout_basic, nzn_hepliaklqana_mist_gate,
          mainiacjoe_overflow_small_starburst,
          hellmonk_ecumenical_altar_pennies_from_heaven,
          kennysheep_generic_room_2
D:4:      layout_gridville, minmay_misc_feat_chi, uniq_natasha
D:5:      layout_rooms, minmay_fractal_squares_gapless_5
D:6:      gammafunk_steamed_eel, layout_rooms, fiery_altar_vehumet,
          minmay_temple_entry_stoned_glass, serial_shops, nicolae_shop_stone,
          minmay_misc_feat_tower, eino_curves_03, minmay_curled_crystal,
          uniq_grinder
D:7:      layout_basic, uniq_prince_ribbit1, uniq_crazy_yiuf_cottage
D:8:      nzn_winding_woodlands_small [nzn_winding_woodlands_5x15_longhouse,
          nzn_winding_woodlands_center_garden,
          nzn_winding_woodlands_5x15_parted], layout_loops_cross,
          grunt_temple_overflow_diamond, nrook_loot_triangle, uniq_grum,
          uniq_psyche, uniq_erica
D:9:      layout_basic, mainiacjoe_overflow_alcove_2, erik_orc_4
D:10:     layout_basic, lemuel_round_altar
D:11:     minmay_the_grid_square_5x5_4x4_mashed
          [minmay_the_grid_square_5x5_shrine1,
          minmay_the_grid_square_5x5_three_walls,
          minmay_the_grid_square_5x5_seven,
          minmay_the_grid_square_5x5_tri_point,
          minmay_the_grid_square_5x5_beaten_path,
          minmay_the_grid_square_5x5_prize_itemx,
          minmay_the_grid_square_5x5_prize_rear_guard,
          minmay_the_grid_square_5x5_v, minmay_the_grid_square_5x5_empty,
          minmay_the_grid_square_5x5_prize_deathbox,
          minmay_the_grid_square_5x5_prize_open, minmay_the_grid_square_5x5_n,
          minmay_the_grid_square_5x5_one_wall, minmay_the_grid_square_5x5_two,
          minmay_the_grid_square_5x5_spiral,
          minmay_the_grid_square_5x5_pentomino_r], layout_rooms,
          erik_lair_orcish_takeover, nicolae_trove_entry_path_of_doom,
          chequers_mini_garden
Temple:   nicolae_temple_two_arcs

Skill      XL: |  1  2  3  4  5  6  7  8  9 10 |
---------------+-------------------------------+-----
Dodging        | 3 4 5 6 |  6.4
Conjurations   | 1 2 |  2.1
Air Magic      | 3 4 6 7 9 11 | 11.4
Fighting       | 1 3 5 7 |  7.6
Spellcasting   | 8 |  8.9
Stealth        | |  3.0

Action                     |  1- 3 |  4- 6 |  7- 9 | 10-12 || total
---------------------------+-------+-------+-------+-------++-------
  Melee: Short sword       |     4 |       |       |       ||     4
         Spear             |     6 |     2 |       |       ||     8
         Hand axe          |       |     1 |     6 |     7 ||    14
         Punch             |       |       |     1 |       ||     1
   Cast: Shock             |    99 |   118 |   132 |    31 ||   380
         Static Discharge  |       |    27 |    91 |    44 ||   162
         Airstrike         |       |       |    32 |    99 ||   131
         Blink             |       |       |     1 |     1 ||     2
  Evoke: Wand              |       |       |     3 |       ||     3
    Use: Scroll            |       |       |     8 |       ||     8
         Potion            |       |       |     3 |     2 ||     5
 Armour: Robe              |     2 |     1 |    14 |     7 ||    24
  Dodge: Dodged            |    33 |    30 |   153 |    77 ||   293
